 Dungeon Crawl Stone Soup version 0.31-a0-524-g2a164cf6a2 (webtiles) character file.

Game seed: 3298566604430803733

8642 Gargoyl the Cleaver (level 11, 0/69 HPs)
             Began as a Gargoyle Berserker on Aug 12, 2023.
             Was a Priest of Trog.
             Slain by a four-headed hydra (8 damage)
             ... on level 1 of the Lair of Beasts.
             The game lasted 00:12:27 (8487 turns).

Gargoyl the Cleaver (Gargoyle Berserker)            Turns: 8487, Time: 00:12:32

Health: 0/69       AC: 25    Str: 23    XL:     11   Next: 34%
Magic:  11/11      EV:  8    Int:  8    God:    Trog [***...]
Gold:   422        SH:  0    Dex: 11    Spells: 10/10 levels left

rFire   . . .        l - +2 dire flail (heavy)
rCold   + . .        (shield currently unavailable)
rNeg    + . .        s - +0 plate armour
rPois   ∞            h - +0 helmet
rElec   +            d - +0 cloak
rCorr   .            (no gloves)
SInv    .            (no boots)
Will    ++...        (no amulet) Stlth
                     e - ring of protection from cold
HPRegen 1.31/turn    (no ring)
MPRegen 0.12/turn

%: no passive effects
@: strong-willed (expiring), on berserk cooldown, regenerating (expiring),
slowed, very slow
A: sickness immunity, AC +8, negative energy resistance 1, electricity
resistance, torment resistance 1, petrification resistance
a: Renounce Religion, Berserk, Trog's Hand


You were on level 1 of the Lair of Beasts.
You worshipped Trog.
Trog was most pleased with you.
You visited 2 branches of the dungeon, and saw 9 of its levels.
You also visited: Sewer.

You collected 422 gold pieces.

Inventory:

Hand Weapons
 a - a +0 hand axe
 l - a +2 heavy dire flail (weapon)
 n - a +5 hand axe of pain
Missiles
 x - a curare-tipped dart (quivered)
Armour
 d - a +0 cloak (worn)
 h - a +0 helmet (worn)
 s - a +0 plate armour (worn)
Jewellery
 e - a ring of protection from cold (left hand)
 k - a +6 ring of dexterity
 y - a ring of resist corrosion
 A - a ring of flight
Wands
 b - a wand of polymorph (13)
 g - a wand of flame (41)
 m - a wand of roots (17)
 o - a wand of digging (14)
 v - a wand of paralysis (11)
 z - a wand of acid (3)
Scrolls
 r - a scroll of teleportation
 t - a scroll of butterflies
 w - 2 scrolls of identify
Potions
 c - 4 potions of might
 f - 2 potions of curing
 i - a potion of invisibility
 j - 2 potions of enlightenment
 p - a potion of cancellation
 q - 2 potions of resistance
 u - 2 potions of haste


   Skills:
 + Level 8.7 Fighting
 + Level 11.6 Axes
 + Level 0.7(8.1) Maces & Flails
 + Level 1.3 Throwing
 + Level 9.5 Armour
 + Level 3.7 Dodging
 + Level 2.1 Stealth


You had 10 spell levels left.
You didn't know any spells.
Your spell library was empty.

Dungeon Overview and Level Annotations

Branches:
Dungeon (8/15)             Temple (0/1) D:4            Lair (1/5) D:8
  Sewer (visited)

Altars:


Innate Abilities, Weirdness & Mutations

You are immune to sickness and miasma.
Your stone body is resilient. (AC +8)
You are immune to poison.
You resist negative energy. (rN+)
You are resistant to electric shocks. (rElec)
You are resistant to unholy torment.
You are immune to petrification.


Message History

The cane toad barely misses you.
The wolf moves out of view.
You barely miss the cane toad.
The cane toad is severely wounded.
The cane toad completely misses you.
A four-headed hydra comes into view.
The cane toad closely misses you.
The wolf bites something.
The cane toad stings you but does no damage.
You puncture the cane toad!
You kill the cane toad!
Trog accepts your kill.
The wolf bites something!
The wolf bites you but does no damage. x2
The wolf bites you.
You barely miss the wolf.
The wolf is severely wounded.
The wolf bites you. The wolf bites you but does no damage.
You barely miss the four-headed hydra. The four-headed hydra bites you! x2
The four-headed hydra bites you but does no damage.
The four-headed hydra bites you!
The four-headed hydra bites you but does no damage. x4
Unknown command.
You hammer the four-headed hydra like a gong!!!
The four-headed hydra is heavily wounded.
The four-headed hydra barely misses you.
The four-headed hydra bites you. The four-headed hydra bites you!
The four-headed hydra bites you but does no damage. x4
The four-headed hydra barely misses you.
Unknown command.
You hammer the four-headed hydra like a gong!!!
The four-headed hydra is almost dead.
You feel the effects of Trog's Hand fading.
The four-headed hydra bites you but does no damage.
The four-headed hydra bites you. The four-headed hydra bites you!
* * * LOW HITPOINT WARNING * * *
The four-headed hydra bites you.
* * * LOW HITPOINT WARNING * * *
The four-headed hydra bites you but does no damage. x2
The four-headed hydra bites you.
* * * LOW HITPOINT WARNING * * *
The four-headed hydra bites you!
You die...

#..# #
#..#
##.#
#.##
#..#
#.##
#.P#
#..#
#@##
#D..#
hh####
P..h
#...
#...
#..P
##..


You could see a four-headed hydra and 3 wolves.

Vanquished Creatures
  A hydra (Lair:1)
  A two-headed ogre (D:8)
  Pikel (D:5)
  An unseen horror (D:8)
  A cane toad (Lair:1)
  A komodo dragon (Lair:1)
  A hornet (D:8)
  Prince Ribbit (D:5)
  7 blink frogs (Lair:1)
  Sigmund (D:5)
  2 wyverns (D:8)
  3 yaks (Lair:1)
  Eustachio (D:5)
  2 basilisks (Lair:1)
  Edmund (D:5)
  Duvessa (D:7)
  2 water moccasins
  An orc warrior (D:8)
  An ice beast (D:6)
  A black bear (D:8)
  A sky beast (D:8)
  4 ogres
  2 centaurs
  A kobold brigand (D:8)
  9 bullfrogs
  3 scorpions
  Dowan (D:7)
  2 howler monkeys
  5 hounds
  A jelly (D:5)
  5 orc priests
  2 sleepcaps (D:5)
  Ijyb (D:3)
  Terence (D:2)
  5 iguanas
  4 orc wizards
  Robin (D:3)
  16 adders
  4 gnolls (D:4)
  A shadow imp (D:6)
  A white imp (D:7)
  3 worms
  4 dart slugs
  20 orcs
  23 ball pythons
  4 bats
  6 endoplasms
  2 giant cockroaches
  11 goblins
  10 hobgoblins
  5 jackals
  5 quokkas
  2 frilled lizards
  3 kobolds
  27 rats
  2 butterflies (D:4)
228 creatures vanquished.

Notes
Turn   | Place    | Note
-------+----------+-------------------------------------------
     0 | D:1      | Gargoyl the Gargoyle Berserker began the quest for the Orb.
     0 | D:1      | Reached XP level 1. HP: 14/14 MP: 1/1
    21 | D:1      | Found a faded altar of an unknown god.
   480 | D:1      | Reached XP level 2. HP: 16/19 MP: 2/2
   906 | D:2      | Noticed Terence
   920 | D:2      | Killed Terence
   921 | D:2      | Reached skill level 3 in Axes
   921 | D:2      | Reached XP level 3. HP: 10/24 MP: 3/3
  1529 | D:2      | Reached XP level 4. HP: 20/29 MP: 4/4
  1792 | D:3      | Reached ** piety under Trog
  1867 | D:3      | Noticed Robin
  1875 | D:3      | Killed Robin
  1979 | D:3      | Reached XP level 5. HP: 32/33 MP: 5/5
  2083 | D:3      | Noticed Ijyb
  2098 | D:3      | Killed Ijyb
  2398 | D:4      | Found a staircase to the Ecumenical Temple.
  2458 | D:4      | Reached skill level 4 in Axes
  2748 | D:4      | Reached XP level 6. HP: 38/38 MP: 6/6
  3297 | D:5      | Entered Level 5 of the Dungeon
  3297 | D:5      | Noticed Prince Ribbit
  3318 | D:5      | Killed Prince Ribbit
  3319 | D:5      | Reached skill level 5 in Axes
  3319 | D:5      | Reached XP level 7. HP: 34/44 MP: 7/7
  3456 | D:5      | Reached *** piety under Trog
  3581 | D:5      | Reached skill level 1 in Stealth
  3669 | D:5      | Noticed Sigmund
  3681 | D:5      | Killed Sigmund
  3682 | D:5      | Reached skill level 6 in Axes
  3682 | D:5      | Reached XP level 8. HP: 48/48 MP: 8/8
  3703 | D:5      | Noticed Edmund
  3738 | D:5      | Killed Edmund
  4056 | D:5      | Noticed Eustachio
  4093 | D:5      | Killed Eustachio
  4094 | D:5      | Reached skill level 7 in Axes
  4196 | D:5      | Reached skill level 5 in Armour
  4317 | D:5      | Reached skill level 5 in Fighting
  4324 | D:5      | Reached skill level 8 in Axes
  4361 | D:5      | Identified the +2 quarterstaff "Junif" {holy, Dex+3}
  4608 | D:6      | Noticed Pikel
  4622 | D:5      | Killed Pikel
  4623 | D:5      | Reached XP level 9. HP: 55/55 MP: 9/9
  4891 | D:6      | Reached skill level 9 in Axes
  5018 | D:6      | Found a glowing drain.
  5022 | Sewer    | Entered a sewer
  5241 | Sewer    | Reached **** piety under Trog
  6319 | D:7      | Noticed Duvessa
  6319 | D:7      | Noticed Dowan
  6329 | D:7      | Killed Duvessa
  6330 | D:7      | Reached skill level 10 in Axes
  6335 | D:7      | Killed Dowan
  6365 | D:7      | Reached XP level 10. HP: 58/61 MP: 10/10
  6829 | D:8      | Found a staircase to the Lair.
  7202 | D:8      | Noticed a two-headed ogre
  7222 | D:8      | Killed a two-headed ogre
  7455 | D:8      | Killed an unseen horror
  7456 | D:8      | Reached skill level 11 in Axes
  7944 | Lair:1   | Entered Level 1 of the Lair of Beasts
  7987 | Lair:1   | Reached skill level 1 in Throwing
  8060 | Lair:1   | Reached XP level 11. HP: 54/68 MP: 11/11
  8467 | Lair:1   | Noticed a five-headed hydra
  8474 | Lair:1   | Killed a five-headed hydra
  8482 | Lair:1   | Noticed a four-headed hydra
  8487 | Lair:1   | Slain by a four-headed hydra

Illustrated notes

Levels and vault maps discovered:
D:1:      amcnicky_arrival_feature_with_door, layout_loops_corners,
          hellmonk_ecumenical_altar_blasted
D:2:      layout_basic, nicolae_elevator_lobby_plus, uniq_terence
D:3:      layout_basic, minmay_tree_intersection, uniq_robin, uniq_ijyb
D:4:      layout_basic, minmay_temple_entry_butterflies
D:5:      layout_loops_ring, sigmund_edmund_badplayer, uniq_prince_ribbit1,
          uniq_eustachio
D:6:      layout_basic, gup_sewer_entry_bowl, uniq_pikel
D:7:      layout_loops_ring, uniq_duvessa
D:8:      layout_basic, grunt_lair_entry_orc_guard_hut, serial_co_window_serial,
          co_window_corner_a, co_window_of_opportunity_a, co_window_paths_b,
          co_window_corner_a, co_window_paths_a, co_window_broadway_c,
          co_window_cross_2, co_window_paths_c, co_window_of_opportunity_b,
          co_window_4corner_b, co_window_paths_e, item_on_display_a
Lair:1:   layout_cave_pods, hellmonk_guarded_unrand_vines

Skill      XL: |  1  2  3  4  5  6  7  8  9 10 11 |
---------------+----------------------------------+-----
Axes           | 3 4 5 6 8 10 11 | 11.6
Dodging        | 2 3 |  3.7
Fighting       | 4 5 6 8 |  8.7
Armour         | 3 4 6 8 9 |  9.5
Stealth        | 1 2 |  2.1
Throwing       | 1 |  1.3
Maces & Flails | |  0.7

Action                     |  1- 3 |  4- 6 |  7- 9 | 10-12 || total
---------------------------+-------+-------+-------+-------++-------
  Melee: Hand axe          |    77 |   185 |   345 |   197 ||   804
         Punch             |       |     4 |     9 |       ||    13
         Dire flail        |       |       |       |    17 ||    17
  Throw: Dart              |       |       |       |     1 ||     1
 Invoke: Berserk           |     1 |     5 |    11 |     7 ||    24
         Trog's Hand       |       |     1 |     7 |     6 ||    14
    Use: Scroll            |     3 |     4 |     5 |     2 ||    14
         Potion            |       |       |     7 |     3 ||    10
 Armour: Animal skin       |    35 |    39 |       |       ||    74
         Scale mail        |       |    57 |       |       ||    57
         Plate armour      |       |     9 |   261 |   210 ||   480
         Skin              |       |       |     5 |       ||     5
  Dodge: Dodged            |    83 |   133 |   142 |    98 ||   456

Table legend: (Time is in decaauts)
 A = Elapsed time spent in this place.
 B = Non-inter-level travel time spent in this place.
 C = Inter-level travel time spent in this place.
 D = Time resting spent in this place.
 E = Time spent auto-exploring this place.
 F = Levels seen in this place.
 G = Mean time per level.
                   A        B        C        D        E       F      G
               +--------+--------+--------+--------+--------+-----+--------+
         Total |   8703 |   8349 |    354 |    317 |   5830 |  10 |  870.3 |
       Dungeon |   7858 |   7505 |    353 |    317 |   5401 |   8 |  982.2 |
          Lair |    548 |    548 |      0 |      0 |    382 |   1 |  548.0 |
         Sewer |    296 |    296 |      0 |      0 |     47 |   1 |  296.0 |
               +--------+--------+--------+--------+--------+-----+--------+

Top non-repeatable levels by time:
     D:8: 1475 daAuts
     D:5: 1438 daAuts
     D:4: 1034 daAuts
     D:6: 921 daAuts
     D:1: 902 daAuts
     D:2: 750 daAuts
     D:3: 679 daAuts
     D:7: 656 daAuts
  Lair:1: 548 daAuts
   Sewer: 296 daAuts
